 Dungeon Crawl Stone Soup version 0.28-a0-724-g66f9036eb4 (webtiles) character file.

Game seed: 3233012052239845829

27 KoroneIsBestGirl the Chiller (level 2, 0/20 HPs)
             Began as a Minotaur Ice Elementalist on Oct 26, 2021.
             Splashed by a jelly's acid (8 damage)
             ... on level 2 of the Dungeon.
             The game lasted 00:01:12 (1298 turns).

KoroneIsBestGirl the Chiller (MiIE)                 Turns: 1298, Time: 00:01:13

Health: 0/20       AC: -2    Str: 12    XL:     2   Next: 93%
Magic:  0/3        EV: 12    Int: 12    God:
Gold:   68         SH:  0    Dex: 10    Spells: 3/4 levels left

rFire   . . .      SeeInvis .   d - +0 club
rCold   . . .      Faith    .   (no shield)
rNeg    . . .      Spirit   .   a - +0 robe
rPois   .          Reflect  .   (helmet restricted)
rElec   .          Harm     .   (no cloak)
rCorr   .          Rampage  .   (no gloves)
Will    .....                   (no boots)
Stlth   ++........              (no amulet)
HPRegen 0.06/turn               (no ring)
MPRegen 0.08/turn               (no ring)

@: corroded
A: horns 2, retaliatory headbutt
a: no special abilities


You were on level 2 of the Dungeon.
You visited 1 branch of the dungeon, and saw 2 of its levels.

You collected 68 gold pieces.

Inventory:

Hand Weapons
 d - a +0 club (weapon)
Armour
 a - a +0 robe (worn)
Scrolls
 b - a scroll of vulnerability {unknown}
 c - a scroll of holy word {unknown}
 e - a scroll of identify {unknown}
 h - a scroll of enchant armour {unknown}
 j - a scroll of teleportation {unknown}
 k - a scroll of blinking {unknown}
Potions
 f - a potion of brilliance {unknown}
 g - a potion of flight {unknown}
 i - a potion of curing {unknown}


   Skills:
 + Level 2.8 Dodging
 - Level 1.5 Stealth
 + Level 1.8 Spellcasting
 + Level 3.2 Ice Magic


You had 3 spell levels left.
You knew the following spells:

 Your Spells              Type           Power      Damage    Failure   Level
a - Freeze                Ice            32%        1d5       8%          1

Your spell library contained the following spells:

 Spells                   Type           Power      Damage    Failure   Level
 Frozen Ramparts          Ice            16%        1d3       22%         3
 Ozocubu's Armour         Ice            8%         N/A       22%         3
 Hailstorm                Conj/Ice       4%         3d4       82%         4
 Animate Armour           Summ/Erth      2%         N/A       95%         4
 Blade Hands              Tmut           0%         N/A       100%        5
 Iron Shot                Conj/Erth      0%         9d1       100%        6


Dungeon Overview and Level Annotations

Branches:
Dungeon (2/15)

Altars:


Innate Abilities, Weirdness & Mutations

You have a pair of horns on your head.
You reflexively headbutt those who attack you in melee.


Message History

The hobgoblin shouts!
The ball python hisses angrily.
The ball python closely misses you. The ball python grabs you.
The ball python constricts you. The hobgoblin closely misses you.
The ball python bites you. The ball python constricts you.
You freeze the ball python.
The ball python is severely wounded.
The ball python seems to slow down.
The hobgoblin hits you.
You freeze the ball python.
You kill the ball python!
The hobgoblin closely misses you. You furiously retaliate!
You headbutt the hobgoblin!
You kill the hobgoblin!
You can't see any susceptible monsters within range! (Use Z to cast anyway.)
You can't see any susceptible monsters within range! (Use Z to cast anyway.)
You can't see any susceptible monsters within range! (Use Z to cast anyway.) Magic restored.
Found a stone staircase leading up.
A jelly comes into view.
A jelly is nearby!
A jelly is nearby!
Found 13 bolts.
There is a stone staircase leading up here.
A goblin comes into view. It is wielding a +0 dagger.
You freeze the jelly.
The jelly is moderately wounded.
The jelly barely misses you.
You freeze the jelly.
The jelly is moderately wounded.
The jelly hits you.
You are splashed with acid!
You freeze the jelly.
The jelly is heavily wounded.
The goblin closely misses you. The jelly barely misses you.
You are too depleted to draw on your mana recklessly!
You are too depleted to draw on your mana recklessly!
You hit the jelly. The acid corrodes you!
Your hands burn!
The jelly is almost dead.
The goblin closely misses you. You furiously retaliate!
You headbutt the goblin, but do no damage.
The jelly hits you.
You are splashed with acid!
You die...

..##..........#
..........######
...........#...#
...............##
................##
.................###
.............<.....##
.>..................#
................@...#
..#......##.....gJ.##
###.######..........#
# .# #..........# #
..(.........# #
..............#
.#................
###...................
.....#...


You could see a jelly and a goblin.

Vanquished Creatures
  An adder skeleton (D:2)
  A dart slug (D:1)
  2 ball pythons
  2 bats (D:1)
  3 giant cockroaches
  A goblin (D:1)
  3 hobgoblins
  3 kobolds (D:1)
  A quokka (D:2)
  A frilled lizard (D:1)
  A rat (D:1)
19 creatures vanquished.

Notes
Turn   | Place    | Note
-------+----------+-------------------------------------------
     0 | D:1      | KoroneIsBestGirl the Minotaur Ice Elementalist began the
                  | quest for the Orb.
     0 | D:1      | Reached XP level 1. HP: 14/14 MP: 1/1
    14 | D:1      | Reached skill level 3 in Ice Magic
   235 | D:1      | Reached XP level 2. HP: 19/20 MP: 0/3
  1047 | D:1      | Found a faded altar of an unknown god.
  1298 | D:2      | Splashed by a jelly's acid

Illustrated notes

Levels and vault maps discovered:
D:1:      eino_arrival_water_cross, layout_basic,
          ebering_ecumenical_altar_sacrificial
D:2:      layout_rooms, basic_altar, kennysheep_potato

Skill      XL: |  1 |
---------------+----+-----
Ice Magic      | 3 |  3.2
Dodging        | |  2.8
Stealth        | |  1.5
Spellcasting   | |  1.8

Action                   || total
-------------------------++-------
Melee: Unarmed           ||    12
       Club              ||    18
       Headbutt          ||     2
 Cast: Freeze            ||    21
Armor: Robe              ||     7
Dodge: Dodged            ||    35

Table legend: (Time is in decaauts)
 A = Elapsed time spent in this place.
 B = Non-inter-level travel time spent in this place.
 C = Inter-level travel time spent in this place.
 D = Time resting spent in this place.
 E = Time spent auto-exploring this place.
 F = Levels seen in this place.
 G = Mean time per level.
                   A        B        C        D        E       F      G
               +--------+--------+--------+--------+--------+-----+--------+
         Total |   1302 |   1268 |     34 |      0 |   1123 |   2 |  651.0 |
       Dungeon |   1302 |   1268 |     34 |      0 |   1123 |   2 |  651.0 |
               +--------+--------+--------+--------+--------+-----+--------+

Top non-repeatable levels by time:
     D:1: 1131 daAuts
     D:2: 170 daAuts
